 Dungeon Crawl Stone Soup version 0.20.0-15-g7f486f2 (webtiles) character file.

287 straycat the Sneak (level 6, 0/47 HPs)
             Began as a Vampire Gladiator on June 22, 2017.
             Succumbed to an adder's poison
             ... on level 4 of the Dungeon.
             The game lasted 00:08:57 (2352 turns).

straycat the Sneak (Vampire Gladiator)              Turns: 2352, Time: 00:08:58

Health: 0/47       AC:  4    Str: 15    XL:     6   Next: 8%
Magic:  6/6        EV: 14    Int: 11    God:
Gold:   144        SH:  0    Dex: 15    Spells: 5/5 levels left

rFire    . . .     SeeInvis +   a - +0 rapier
rCold    . . .     Gourm    .   (no shield)
rNeg     + . .     Faith    .   b - +0 leather armour
rPois    .         Spirit   .   c - +0 helmet
rElec    .         Reflect  .   (no cloak)
rCorr    .         Harm     .   (no gloves)
MR       .....                  (no boots)
Stlth    +++.......             (no amulet)
Regen    0.2/turn               (no ring)
MPRegen  0.1/turn               (no ring)

@: lethally poisoned (0 -> -5)
A: fangs 3, see invisible, unbreathing
a: Bat Form


You were on level 4 of the Dungeon.
You were not thirsty.

You visited 1 branch of the dungeon, and saw 4 of its levels.

You collected 144 gold pieces.

Inventory:

Hand Weapons
 a - a +0 rapier (weapon)
 h - a +0 spear
Missiles
 d - 3 throwing nets (quivered)
 j - 2 javelins
 l - 23 sling bullets
 m - 16 poisoned needles
 n - 46 arrows
 F - 19 bolts
Armour
 b - a +0 leather armour (worn)
 c - a +0 helmet (worn)
 o - a +0 ring mail
 r - a +1 ring mail of fire resistance
 v - a +0 scale mail
 B - a +2 ring mail of fire resistance
 D - a cursed +0 ring mail
Jewellery
 q - a +3 amulet of reflection {unknown}
 E - an uncursed ring of protection from cold {unknown}
Wands
 u - a wand of flame (12/48)
 y - a wand of lightning (10/15)
Scrolls
 g - 2 scrolls of fear {unknown}
 i - 4 scrolls of identify {unknown}
 k - 2 scrolls of blinking {unknown}
 p - a scroll of recharging {unknown}
 s - 4 scrolls of immolation {unknown}
 t - 2 scrolls of fog {unknown}
 x - 2 scrolls of magic mapping {unknown}
 A - 4 scrolls of random uselessness {unknown}
 C - a scroll of teleportation {unknown}
Potions
 e - 22 potions of blood
 f - 2 potions of curing {unknown}
 w - a potion of agility {unknown}
 z - a potion of brilliance {unknown}
 G - a potion of lignification {unknown}
 H - a potion of might {unknown}
 I - a potion of haste {unknown}


   Skills:
 + Level 3.0 Fighting
 + Level 4.1 Short Blades
 - Level 1.5 Throwing
 * Level 4.8 Dodging
 * Level 5.7 Stealth


You had 5 spell levels left.
You didn't know any spells.

Dungeon Overview and Level Annotations

Branches:
Dungeon (4/15)
 Temple: D:4-7

Altars:
Okawaru
Xom


Innate Abilities, Weirdness & Mutations

You have razor-sharp teeth.
You have supernaturally acute eyesight. (SInv)
You can survive without breathing.


Message History

The adder bites you.
* * * LOW HITPOINT WARNING * * *
You are lethally poisoned!
The adder poisons you! The jackal barely misses you.
Okay, then.
You closely miss the jackal.
The jackal is moderately wounded.
* * * LOW HITPOINT WARNING * * *
You feel sick. The adder bites you.
* * * LOW HITPOINT WARNING * * *
You are more poisoned.
The adder poisons you! The jackal misses you. The adder closely misses you.
You closely miss the jackal.
The jackal is moderately wounded.
* * * LOW HITPOINT WARNING * * *
You feel sick. The jackal misses you. The adder bites you but does no damage.
The jackal barely misses you.
You see here a giant club.
You hit the adder but do no damage.
You die...

#### # ##..# #
..#######..## ..
............# ...
###....##..## ....
###..##.%.#
.....######..###...##
........h...## ##...#
.......@S...# #...#
............# ##..##
.....#####..# #...#
.... #..#######..##
... #............##
## #>.............
.......####.... ####
##... ##...


You could see an adder and a jackal.

Vanquished Creatures
  An ogre (D:4)
  A hound (D:4)
  Jessica (D:4)
  A worker ant (D:4)
  4 adders (D:2)
  4 oozes
  2 worms (D:3)
  2 leopard geckos
  2 orcs
  5 bats
  3 giant cockroaches
  9 goblins
  4 hobgoblins (D:1)
  7 jackals
  4 frilled lizards
  4 kobolds
  4 rats
58 creatures vanquished.

Notes
Turn   | Place    | Note
-------+----------+-------------------------------------------
     0 | D:1      | straycat the Vampire Gladiator began the quest for the Orb.
     0 | D:1      | Reached XP level 1. HP: 16/16 MP: 1/1
    84 | D:1      | Reached skill level 1 in Stealth
    89 | D:1      | Reached skill level 2 in Stealth
    89 | D:1      | Reached XP level 2. HP: 18/22 MP: 2/2
   215 | D:1      | Found a shattered altar of Ashenzari.
   218 | D:1      | Found an iron altar of Okawaru.
   218 | D:1      | Found a shimmering altar of Xom.
   220 | D:1      | Found a radiant altar of Vehumet.
   220 | D:1      | Found an iron altar of Okawaru.
   220 | D:1      | Found an iron altar of Okawaru.
   663 | D:1      | Reached XP level 3. HP: 27/27 MP: 3/3
   969 | D:2      | Reached skill level 3 in Stealth
  1121 | D:2      | Reached XP level 4. HP: 34/34 MP: 4/4
  1233 | D:2      | Reached skill level 4 in Stealth
  1667 | D:3      | Noticed Jessica
  2205 | D:4      | Killed Jessica
  2205 | D:4      | Reached XP level 5. HP: 37/39 MP: 5/5
  2294 | D:4      | Reached skill level 5 in Stealth
  2319 | D:4      | Noticed an ogre
  2332 | D:4      | Killed an ogre
  2332 | D:4      | Reached XP level 6. HP: 31/47 MP: 6/6
  2349 | D:4      | HP: 2/47 [poisoned by an adder]
  2352 | D:4      | Succumbed to an adder's poison

Skill      XL: |  1  2  3  4  5 |
---------------+----------------+-----
Stealth        | 2 3 4 5 |  5.7
Fighting       | 2 3 |  3.0
Dodging        | 4 |  4.8
Short Blades   | 4 |  4.1
Throwing       | |  1.5

Action                   |  1- 3 |  4- 6 || total
-------------------------+-------+-------++-------
Melee: Rapier            |    79 |    88 ||   167
       Bite              |     7 |     7 ||    14
Throw: Throwing net      |       |     1 ||     1
  Use: Potion            |       |     6 ||     6
 Stab: Sleeping          |     4 |     7 ||    11
Armor: Leather armour    |    27 |    29 ||    56
Dodge: Dodged            |    66 |    80 ||   146
